Map: Eternal Empire LE

Players

antagomiR

  • Race: Protoss Protoss
  • League: Gold
  • Spawn Location: 1:00

Tycho - Winner!

  • Race: Terran Terran
  • League: Silver
  • Spawn Location: 7:00

VOD

Have the link to the VOD?

Description

Time

  • Played on: April 5, 2020, 7:06 p.m.
  • Length: 35:57
Show
View Real Time Build Order
Export as new Build Order

antagomiR Protoss 

Build Orders: Chargelot Immortal, Colossus Rush 

Get SALT Encoding   

  12  0:01  Probe  
  13  0:13  Probe  
  14  0:18  Pylon  
  14  0:25  Probe  
  15  0:37  Gateway  
  15  0:39  Probe  
  16  0:52  Probe  
  16  0:54  Assimilator  
  17  1:04  Probe  
  18  1:16  Probe  
  19  1:23  Assimilator  
  19  1:25  Cybernetics Core  
  19  1:28  Probe  
  20  1:40  Probe, Pylon  
  21  1:52  Probe  
  22  1:55  Warp Gate (Chrono Boost)  
  22  2:04  Probe  
  23  2:15  Robotics Facility  
  22  2:18  Adept  
  24  2:29  Probe  
  25  2:40  Nexus  
  25  2:42  Probe, Pylon  
  26  2:54  Probe  
  27  3:04  Observer  
  28  3:09  Shield Battery  
  28  3:10  Probe  
  29  3:20  Colossus  
  29  3:22  Probe  
  29  3:25  Observer  
  31  3:29  Gateway x2  
  31  3:32  Sentry  
  33  3:45  Probe  
  34  3:51  Pylon  
  35  3:55  Probe  
  35  3:57  Probe  
  35  4:00  Immortal  
  40  4:07  Probe  
  40  4:09  Probe  
  42  4:19  Probe  
  42  4:21  Probe  
  42  4:22  Twilight Council  
  43  4:37  Sentry  
  43  4:38  Sentry  
  47  4:42  Probe x2  
  49  4:45  Assimilator  
  49  4:49  Assimilator  
  49  4:51  Immortal  
  53  4:54  Probe  
  53  4:57  Probe, Charge (Chrono Boost)  
  53  4:59  Forge  
  55  5:06  Probe  
  56  5:09  Probe  
  57  5:18  Probe  
  58  5:21  Probe  
  58  5:27  Stalker  
  61  5:36  Pylon  
  61  5:38  Pylon  
  61  5:53  Warp Prism  
  61  5:55  Pylon  
  63  5:57  Pylon, Gateway  
  63  6:00  Gateway  
  63  6:03  Gateway  
  63  6:06  Stalker, Gateway  
  63  6:08  Pylon  
  65  6:16  Shield Battery  
  65  6:19  Shield Battery  
  65  6:21  Probe  
  65  6:22  Probe  
  67  6:33  Probe  
  67  6:34  Probe  
  67  6:36  Templar Archives  
  69  6:43  Stalker  
  69  6:44  Stalker  
  69  6:45  Stalker  
  69  7:01  Zealot  
  69  7:02  Zealot  
  73  7:15  Zealot  
  65  7:29  Pylon  
  65  7:36  Zealot x2  
  65  7:37  Zealot  
  71  7:50  Observer  
  72  7:52  Probe x2  
  74  8:04  Probe  
  74  8:05  Probe  
  76  8:11  Immortal  
  80  8:12  Zealot  
  80  8:13  Zealot x3  
  80  8:14  Zealot  
  80  8:16  Probe  
  80  8:17  Probe  
  80  8:19  Forge  
  92  8:21  Nexus  
  92  8:24  Pylon  
  92  8:26  Pylon  
  92  8:45  Shield Battery  
  92  8:47  Shield Battery  
  92  8:50  Immortal  
  92  8:53  Photon Cannon  
  96  8:56  Photon Cannon x2  
  96  9:12  Sentry  
  96  9:15  Zealot x4  
  77  10:00  Zealot  
  77  10:01  Zealot  
  77  10:02  High Templar  
  77  10:04  Immortal  
  87  10:08  Probe x2  
  89  10:20  Probe  
  89  10:21  Assimilator  
  90  10:24  High Templar  
  90  10:25  Assimilator  
  90  10:28  Zealot x3  
  96  10:29  Pylon  
  92  10:59  Zealot x3  
  92  11:00  Zealot x2  
  98  11:23  Archon  
  98  11:24  High Templar x2  
  96  11:28  Archon  
  94  11:42  Observer  
  95  11:51  Probe  
  95  11:52  Probe x2  
  98  11:58  Nexus  
  98  11:59  Pylon  
  98  12:02  Pylon  
  98  12:04  Probe x3, Zealot x4  
  98  12:05  Zealot  
  111  12:14  Protoss Ground Weapons Level 1 (Chrono Boost)  
  111  12:15  Gateway  
  111  12:17  Gateway  
  111  12:20  Gateway  
  111  12:23  Shield Battery  
  111  12:24  Gateway  
  111  12:25  Shield Battery  
  111  12:26  Photon Cannon  
  111  12:30  Photon Cannon  
  111  12:49  Probe x2  
  111  12:50  Probe  
  114  13:01  Probe  
  114  13:02  Probe  
  114  13:05  High Templar x5  
  122  13:09  Archon x2  
  126  13:21  Warp Prism  
  128  13:58  Immortal  
  68  14:38  High Templar x4  
  60  14:39  High Templar x3  
  66  14:47  Assimilator  
  66  14:48  Archon  
  66  14:49  Archon x2  
  66  14:51  Assimilator, High Templar x2  
  70  14:54  Archon  
  70  14:56  Protoss Ground Weapons Level 2 (Chrono Boost)  
  70  15:27  High Templar x3  
  70  15:28  High Templar x2  
  80  15:31  Archon x2  
  80  15:33  Archon  
  80  15:55  Zealot x4  
  88  16:01  Probe x3  
  91  16:13  Probe x3  
  94  16:25  Probe x3  
  96  16:28  Zealot x4  
  96  16:29  Zealot x3  
  96  16:30  Zealot x2  
  115  16:37  Probe  
  74  17:13  Zealot x3  
  74  17:14  Zealot x4  
  74  17:15  Zealot  
  78  17:28  High Templar  
  70  17:36  High Templar x4  
  78  17:37  High Templar x4  
  78  17:40  Archon x2  
  78  17:41  Archon x2  
  86  17:59  Shield Battery  
  86  18:04  Photon Cannon  
  86  18:09  Photon Cannon  
  86  18:10  Pylon  
  86  18:15  Zealot x2  
  86  18:16  Zealot  
  86  18:17  Zealot x4  
  90  18:41  Zealot x4  
  86  18:42  Zealot x4  
  98  18:58  Pylon  
  98  19:05  Probe x2  
  98  19:06  Probe  
  101  19:16  Assimilator  
  101  19:17  Probe  
  101  19:18  Probe x2  
  101  19:22  Pylon  
  104  19:30  Probe  
  105  19:39  High Templar x3  
  105  19:41  Stalker  
  105  19:42  High Templar  
  105  19:43  High Templar x4  
  123  20:04  Archon x3  
  123  20:05  Archon  
  123  20:08  Zealot  
  121  20:32  Zealot x2  
  121  20:33  Zealot x4  
  121  20:34  Zealot x3  
  72  21:00  Zealot x4  
  72  21:01  Zealot x5  
  76  21:21  Probe x3  
  79  21:33  Probe  
  79  21:34  High Templar x4  
  79  21:35  High Templar x5  
  98  21:47  Archon x2  
  98  21:48  Archon x2  
  98  22:08  Zealot x2  
  98  22:09  Zealot x2  
  98  22:10  High Templar x2  
  98  22:11  High Templar x3  
  116  22:28  Archon x2  
  114  22:31  High Templar x4  
  122  22:43  Archon  
  122  22:44  Archon  
  122  22:48  Zealot  
  122  22:49  Zealot x4  
  132  23:12  Sentry x2  
  134  23:13  Sentry x2  
  134  23:15  Sentry  
  134  23:17  Zealot x2  
  134  23:18  Zealot x2, Nexus  
  134  23:19  Pylon  
  150  23:23  Pylon  
  150  23:58  High Templar x5  
  150  24:01  Zealot  
  150  24:02  Zealot x3  
  168  24:08  Archon x2  
  62  25:17  High Templar x5  
  62  25:18  High Templar x3  
  62  25:20  Zealot  
  80  25:26  Archon  
  80  25:27  Archon x3  
  80  25:36  Shield Battery  
  80  25:37  Shield Battery  
  80  25:41  Assimilator  
  80  25:45  Assimilator  
  80  25:48  Pylon  
  80  25:52  Zealot x3  
  80  25:53  Sentry  
  80  25:54  Sentry  
  80  25:56  High Templar x2  
  94  26:00  Archon  
  94  26:22  Probe x3  
  97  26:26  Protoss Ground Armor Level 1 (Chrono Boost)  
  97  26:29  Zealot x5  
  97  26:30  Zealot x4  
  115  26:51  High Templar  
  115  26:53  Zealot x2  
  115  26:54  Zealot x4  
  125  26:55  Zealot x2  
  133  27:25  Zealot x3  
  133  27:26  Zealot x5  
  149  27:32  Immortal  
  153  27:54  Pylon  
  153  27:55  High Templar  
  153  27:56  High Templar  
  153  27:57  Zealot  
  153  27:58  Zealot x4  
  163  27:59  Zealot x2  
  171  28:12  Immortal  
  175  28:20  Zealot x4, Protoss Ground Weapons Level 3  
  175  28:21  Zealot x3  
  112  28:51  Immortal  
  88  28:57  Zealot x4  
  88  28:58  Zealot x3  
  88  28:59  Zealot x2  
  94  29:19  Gateway  
  94  29:21  Gateway  
  94  29:22  High Templar x5  
  94  29:23  High Templar  
  106  29:24  Gateway  
  106  29:26  Gateway  
  106  29:28  Zealot x2  
  106  29:29  Zealot  
  106  29:30  Immortal  
  116  29:34  Archon x2  
  116  29:35  Archon  
  120  30:19  Nexus  
  120  30:22  Pylon  
  120  30:25  Pylon  
  120  30:32  Zealot x4  
  120  30:35  Zealot x3  
  114  30:36  Zealot x4  
  96  30:48  Immortal  
  84  31:00  Zealot x2  
  84  31:01  Zealot x5  
  84  31:02  Zealot x2  
  84  31:18  Gateway x2  
  84  31:21  Gateway  
  84  31:24  Gateway  
  76  32:11  Zealot  
  76  32:12  Zealot x3  
  72  32:38  Cybernetics Core  
  72  32:41  Zealot  
  72  32:42  Zealot x5  
  72  32:43  Zealot x2  
  88  32:46  Pylon  
  64  33:35  Stargate  
  64  33:39  Stargate  
  64  33:42  Stargate  
  64  33:43  Stargate  
  64  33:45  Pylon  
  64  34:05  Zealot x4  
  64  34:06  Zealot x2  
  76  34:11  Stalker x2  
  80  34:33  Void Ray x2  
  96  34:39  Zealot x3  
  96  34:40  Zealot x5  
  66  35:10  Zealot x2  
  66  35:11  Zealot x4  
Show
View Real Time Build Order
Export as new Build Order

Tycho Terran - Winner!

Build Orders:  

Get SALT Encoding   

  12  0:01  SCV  
  13  0:13  SCV  
  14  0:19  Supply Depot  
  14  0:25  SCV  
  15  0:30  Refinery  
  15  0:41  Barracks  
  15  0:45  SCV  
  16  0:57  SCV  
  17  1:09  SCV  
  18  1:21  SCV  
  18  1:23  Refinery  
  19  1:34  Reaper  
  19  1:36  Supply Depot  
  20  1:40  SCV  
  21  1:52  SCV  
  22  2:00  Supply Depot  
  22  2:04  SCV  
  23  2:17  Factory  
  23  2:21  Orbital Command  
  23  2:25  Marine  
  24  2:55  SCV  
  25  3:01  Factory Reactor, Starport  
  25  3:07  SCV  
  26  3:14  Barracks Reactor  
  27  3:20  SCV  
  26  3:47  Viking x2  
  30  3:51  Factory Reactor, Command Center  
  30  3:54  Marine x2  
  32  4:05  Supply Depot  
  32  4:17  Viking x2  
  36  4:47  Viking x2  
  36  4:49  SCV  
  41  5:00  Factory Tech Lab  
  41  5:01  SCV  
  41  5:02  Starport  
  41  5:04  Orbital Command  
  42  5:13  SCV  
  43  5:16  Bunker  
  43  5:17  Viking x2  
  43  5:21  Engineering Bay  
  47  5:24  Armory  
  47  5:25  SCV  
  48  5:40  Marine x2  
  50  5:43  Orbital Command, Siege Tank  
  53  5:51  Missile Turret  
  53  5:56  Missile Turret  
  53  5:58  Marine x2  
  55  6:12  Smart Servos  
  55  6:13  Terran Ship Weapons Level 1  
  57  6:35  Marine x2  
  57  6:40  SCV  
  57  6:41  SCV, Supply Depot  
  59  6:53  SCV x2, Marine  
  62  7:03  Marine  
  62  7:05  SCV x2  
  59  7:17  SCV x2  
  59  7:20  Viking x4  
  59  7:26  Refinery  
  59  7:28  Refinery  
  59  7:29  SCV x2  
  61  7:30  Marine x2  
  63  7:38  Supply Depot  
  63  7:47  Supply Depot, Marine  
  63  7:48  Supply Depot, Terran Infantry Weapons Level 1, Marine  
  65  8:15  Viking x4  
  73  8:23  SCV x2  
  75  8:35  SCV  
  75  8:36  SCV  
  77  8:43  Command Center  
  77  8:47  SCV  
  77  8:48  SCV  
  79  8:59  SCV  
  79  9:00  SCV  
  81  9:11  SCV  
  81  9:12  SCV  
  64  10:11  Viking x4  
  72  10:25  Barracks  
  72  10:26  Siege Tank  
  72  10:27  Orbital Command  
  72  10:28  Barracks x2  
  75  10:38  Marine x2  
  75  10:41  Viking x4  
  80  10:42  Refinery  
  80  10:47  Refinery  
  71  10:58  Siege Tank  
  74  11:11  Viking x4  
  70  11:30  Orbital Command, Siege Tank  
  70  11:31  SCV  
  72  11:41  Viking x4  
  72  11:43  SCV  
  72  11:45  Barracks Tech Lab  
  81  11:48  Barracks Reactor, Barracks Tech Lab  
  81  11:49  Barracks  
  81  11:55  SCV  
  82  12:02  Siege Tank  
  82  12:05  Stimpack  
  82  12:07  SCV, Combat Shield  
  86  12:19  SCV  
  87  12:34  Siege Tank  
  90  12:41  Barracks Tech Lab  
  90  12:45  Supply Depot  
  90  12:50  SCV  
  90  12:51  SCV  
  92  12:53  SCV  
  93  13:02  SCV  
  93  13:03  SCV  
  93  13:04  Terran Infantry Weapons Level 2  
  93  13:05  SCV, Terran Ship Weapons Level 2  
  96  13:06  Siege Tank  
  99  13:15  SCV x2  
  99  13:16  Liberator  
  99  13:17  SCV, Liberator x3  
  115  13:27  SCV x2  
  115  13:29  SCV  
  117  13:36  Missile Turret  
  117  13:37  Missile Turret  
  117  13:38  Concussive Shells  
  117  13:47  Supply Depot  
  117  13:49  Supply Depot x2  
  117  14:04  Medivac  
  117  14:05  Medivac, Marauder  
  117  14:06  SCV x2  
  116  14:16  Marauder x2  
  104  14:27  Marauder, Marine  
  104  14:28  Marine x3  
  97  14:37  Marauder  
  97  14:38  Marauder  
  101  14:45  Marine  
  101  14:46  Marine x3  
  101  14:48  Marauder  
  107  14:56  Orbital Command  
  107  14:59  Marauder x2  
  111  15:03  Marine x4  
  115  15:09  Marauder  
  117  15:18  Command Center  
  117  15:20  Marauder  
  117  15:21  Marauder, Marine x4  
  125  15:58  Marine  
  125  15:59  Marauder x3  
  125  16:03  Supply Depot x2  
  125  16:04  Supply Depot x2  
  132  16:06  Supply Depot  
  132  16:08  Supply Depot  
  85  17:35  Viking x4  
  93  17:46  Missile Turret  
  93  17:47  Missile Turret  
  93  17:49  Missile Turret, Marauder x3  
  93  17:50  Missile Turret x3  
  99  17:52  Missile Turret  
  99  17:57  Refinery  
  99  18:05  Viking x4  
  101  18:10  Marauder  
  101  18:11  Marauder x2  
  113  18:19  Planetary Fortress  
  113  18:32  Marauder  
  101  18:35  Viking x4  
  90  18:53  Marine x3  
  90  18:54  Marine  
  93  19:01  Marauder  
  93  19:02  Marauder x2  
  96  19:05  Viking x4  
  104  19:11  Marine x4  
  108  19:22  Marauder  
  108  19:23  Marauder x2  
  114  19:29  Marine x4  
  118  19:31  Missile Turret  
  118  19:35  Siege Tank  
  121  19:42  Medivac  
  121  19:44  Marauder x3  
  129  19:46  Medivac, Marine  
  129  19:47  Marine x3  
  135  20:05  Marauder  
  135  20:06  Marauder x2  
  141  20:07  Siege Tank  
  144  20:27  Marauder x2  
  146  20:39  Siege Tank  
  112  20:55  Marine x7  
  80  21:09  Medivac  
  80  21:10  Medivac x3  
  88  21:12  Marine, Siege Tank  
  88  21:13  Marine x6  
  98  21:30  Marine  
  98  21:31  Marine x6  
  105  21:44  Siege Tank  
  108  21:48  Marine  
  108  21:49  Marine x6  
  115  22:07  Marine x3  
  118  22:18  Terran Infantry Armor Level 1  
  118  22:21  Terran Ship Weapons Level 3  
  118  22:35  Orbital Command  
  118  22:41  Armory, Fusion Core  
  118  22:43  Command Center  
  124  23:21  Liberator x3  
  124  23:22  Liberator  
  130  23:36  SCV  
  128  23:59  Refinery  
  68  25:01  Marine x5  
  68  25:02  Marine x2  
  63  25:19  Marine x7  
  70  27:13  Supply Depot x2, Marauder x3  
  70  27:14  Supply Depot  
  76  27:17  Command Center, Marine  
  76  27:18  Marine x3  
  80  27:26  Medivac x2  
  80  27:29  Siege Tank  
  87  27:32  Medivac x2  
  87  27:34  Marauder  
  87  27:35  Marauder x2, Marine x2  
  87  27:36  Marine x2  
  101  27:38  Orbital Command  
  101  27:44  Supply Depot  
  101  27:54  Planetary Fortress  
  101  27:59  Refinery  
  101  28:01  Siege Tank  
  101  28:02  Refinery  
  101  28:05  Advanced Ballistics  
  104  28:08  Terran Vehicle Weapons Level 1, Terran Vehicle And Ship Armor Level 1  
  104  28:10  Terran Infantry Weapons Level 3  
  104  28:17  Marauder x2  
  104  28:19  Marauder  
  110  28:23  Marine  
  110  28:24  Marine  
  110  28:25  Marine x2  
  88  28:58  Orbital Command  
  87  29:31  Supply Depot  
  87  30:31  Marauder x3  
  82  30:52  Marauder  
  82  30:53  Marauder x2  
  88  31:14  Marauder x2  
  92  31:19  Marauder  
  92  31:22  Siege Tank  
  92  31:23  Medivac x4  
  92  31:24  Marine  
  92  31:25  Marine x3  
  109  31:35  Marauder x2  
  113  31:41  Marauder  
  115  31:54  Siege Tank  
  115  31:56  Marauder  
  103  32:26  Siege Tank  
  110  32:30  Marauder x3  
  112  32:51  Marauder x3  
  118  33:07  Supply Depot  
  118  33:12  Marauder x2  
  124  33:13  Marauder  
  124  33:35  Planetary Fortress  
  124  33:40  Missile Turret  
  124  33:41  Missile Turret x2  
  124  33:43  Unknown  
  133  35:38  Marine  
  133  35:39  Marine x3  
Tags
 
Matchup
PvT
Replay Pack
20200422
Spawn Locations
Cross Positions
Add a new tag
Caveats
  • Supply blocks, unpowered buildings, or Contaminate may cause inaccurate times.
  • Supply counts are checked every 10 seconds.